AAA
ROUND ROCK EXPRESS @ HONOLULU THUNDERSHARKS
04/29/2052
 
TOP OF THE 1ST
Victoria HarbourCats batting - Pitching for El Paso Chihuahuas : LHP Jake Falkner
Pitching: LHP Jake Falkner
Batting: RHB Nate Winegar 0-0: Ball
1-0: Ball
2-0: Called Strike
2-1: Foul Ball, location: 2F
2-2: Fly out, F7 (Flyball, 7, EV 90.0 MPH)
Batting: RHB Marcos Lindblom 0-0: Ball
1-0: Fly out, F7 (Line Drive, 7, EV 98.8 MPH)
Batting: RHB Ulises Enriquez 0-0: Reached on error, E3 (Groundball, 3L, EV 81.2 MPH)
Batting: RHB Woodie Jacobs 0-0: Fielders Choice at 2nd, 5-4 (Groundball, 56, EV 94.4 MPH)
Top of the 1st over - 0 runs, 0 hits, 1 error, 1 left on base; Victoria 0 - El Paso 0
BOTTOM OF THE 1ST
El Paso Chihuahuas batting - Pitching for Victoria HarbourCats : RHP Charles Dennison
Pitching: RHP Charles Dennison
Batting: RHB Shannan Bjork 0-0: Ball
1-0: Ball
2-0: SINGLE (Line Drive, 89S, EV 106.9 MPH)
Batting: LHB Chris Flores 0-0: Ball
1-0: Ball
2-0: SINGLE (Line Drive, 7S, EV 101.2 MPH)
Shannan Bjork to second
Batting: SHB Chris Mobbs 0-0: Called Strike
0-1: Foul Ball, location: 2F
0-2: Ball
1-2: Ball
2-2: Strikes out swinging
Batting: LHB Casey Daniel 0-0: Ball
1-0: Fly out, F4 (Line Drive, 4, EV 70.0 MPH)
Batting: RHB Bruce Lewis 0-0: Ball
1-0: Ball
2-0: Ground out 4-3 (Groundball, 4, EV 88.1 MPH)
Bottom of the 1st over - 0 runs, 2 hits, 0 errors, 2 left on base; Victoria 0 - El Paso 0
TOP OF THE 2ND
Victoria HarbourCats batting - Pitching for El Paso Chihuahuas : LHP Jake Falkner
Batting: RHB Chad Boren 0-0: SINGLE (Line Drive, 9S, EV 86.9 MPH)
Batting: LHB Dan Valdovinos 0-0: Ball
1-0: Foul Ball, location: 2F
1-1: Ball
2-1: Ball
3-1: Fly out, F8 (Flyball, 89M, EV 85.6 MPH)
Batting: RHB Miles Gentz 0-0: Called Strike
0-1: Ball
1-1: Ball
2-1: Called Strike
2-2: SINGLE (Line Drive, 6D, EV 96.2 MPH)
Chad Boren to second
Batting: RHB Joe Weingart 0-0: Called Strike
0-1: Ball
1-1: Foul Ball, location: 2F
1-2: Ball
2-2: Foul Ball, location: 2F
2-2: Foul Ball, location: 2F
2-2: SINGLE (Groundball, 5S, EV 66.9 MPH) (infield hit)
Chad Boren to third
Miles Gentz to second
Batting: RHB Mike Rosales 0-0: Ball
1-0: Ball
2-0: Ball
3-0: Called Strike
3-1: Called Strike
3-2: Fly out, F9 (Flyball, 9LM, EV 88.1 MPH)
Batting: RHB Nate Winegar 0-0: Ball
1-0: Ball
2-0: Fielders Choice at 2nd, 6-4 (Groundball, 6, EV 89.4 MPH)
Top of the 2nd over - 0 runs, 3 hits, 0 errors, 3 left on base; Victoria 0 - El Paso 0
BOTTOM OF THE 2ND
El Paso Chihuahuas batting - Pitching for Victoria HarbourCats : RHP Charles Dennison
Batting: LHB Marvin Rivas 0-0: Ball
1-0: Ball
2-0: SINGLE (Line Drive, 8RM, EV 101.9 MPH)
Batting: LHB Bradley Anderson 0-0: Fielders Choice at 2nd, 4-6 (Groundball, 4, EV 90.0 MPH)
Batting: RHB Mark Rittenhouse 0-0: Foul Ball, location: 2F
0-1: Ball
1-1: Fly out, F7 (Line Drive, 7, EV 104.4 MPH)
Batting: RHB Dusty Harris 0-0: Fielders Choice at 2nd, 5-4 (Groundball, 56, EV 100.6 MPH)
Bottom of the 2nd over - 0 runs, 1 hit, 0 errors, 1 left on base; Victoria 0 - El Paso 0
TOP OF THE 3RD
Victoria HarbourCats batting - Pitching for El Paso Chihuahuas : LHP Jake Falkner
Batting: RHB Marcos Lindblom 0-0: Fly out, F7 (Flyball, 7D, EV 93.8 MPH)
Batting: RHB Ulises Enriquez 0-0: Called Strike
0-1: Foul Ball, location: 2F
0-2: Strikes out looking
Batting: RHB Woodie Jacobs 0-0: Ball
1-0: Ball
2-0: Ball
3-0: Called Strike
3-1: Fly out, F8 (Line Drive, 8RD, EV 83.1 MPH)
Top of the 3rd over - 0 runs, 0 hits, 0 errors, 0 left on base; Victoria 0 - El Paso 0
BOTTOM OF THE 3RD
El Paso Chihuahuas batting - Pitching for Victoria HarbourCats : RHP Charles Dennison
Batting: RHB Shannan Bjork 0-0: Foul Ball, location: 2F
0-1: Called Strike
0-2: Hit by Pitch
Batting: LHB Chris Flores 0-0: Called Strike
0-1: Called Strike
0-2: Foul Ball, location: 2F
0-2: Ball
1-2: Foul Ball, location: 2F
1-2: Ball
2-2: Foul Ball, location: 2F
2-2: Strikes out looking
Batting: SHB Chris Mobbs 0-0: Ball
1-0: Swinging Strike
1-1: Ball
2-1: Ball
3-1: Base on Balls
Shannan Bjork to second
Batting: LHB Casey Daniel 0-0: Called Strike
0-1: Foul Ball, location: 2F
0-2: Strikes out swinging
Batting: RHB Bruce Lewis 0-0: Ball
1-0: Ball
2-0: Foul Ball, location: 2F
2-1: Swinging Strike
2-2: SINGLE (Line Drive, 9S, EV 96.9 MPH)
Shannan Bjork to third
Chris Mobbs to second
Runner from 3rd tries for Home, SAFE, throw by RF to home
Batting: LHB Marvin Rivas 0-0: Ball
1-0: Swinging Strike
1-1: Ball
2-1: Ball
3-1: Called Strike
3-2: Strikes out swinging
Bottom of the 3rd over - 1 run, 1 hit, 0 errors, 2 left on base; Victoria 0 - El Paso 1
TOP OF THE 4TH
Victoria HarbourCats batting - Pitching for El Paso Chihuahuas : LHP Jake Falkner
Batting: RHB Chad Boren 0-0: Foul Ball, location: 2F
0-1: Fly out, F8 (Line Drive, 8RM, EV 90.0 MPH)
Batting: LHB Dan Valdovinos 0-0: Called Strike
0-1: Ball
1-1: Ball
2-1: SINGLE (Line Drive, 78S, EV 100.6 MPH)
Batting: RHB Miles Gentz 0-0: Swinging Strike
0-1: Called Strike
0-2: Strikes out swinging
Batting: RHB Joe Weingart 0-0: Ball
1-0: Called Strike
1-1: Called Strike
1-2: Strikes out swinging
Top of the 4th over - 0 runs, 1 hit, 0 errors, 1 left on base; Victoria 0 - El Paso 1
BOTTOM OF THE 4TH
El Paso Chihuahuas batting - Pitching for Victoria HarbourCats : RHP Charles Dennison
Batting: LHB Bradley Anderson 0-0: Ball
1-0: SINGLE (Groundball, 34S, EV 63.8 MPH) (infield hit)
Batting: RHB Mark Rittenhouse 0-0: Fly out, F4 (Popup, 34S, EV 81.2 MPH)
Batting: RHB Dusty Harris 0-0: Ball
1-0: Ball
2-0: Ball
3-0: Base on Balls
Bradley Anderson to second
Batting: RHB Shannan Bjork 0-0: Ball
1-0: Fielders Choice at 2nd, 4-6 (Groundball, 4, EV 90.6 MPH)
Bradley Anderson to third
Batting: LHB Chris Flores 0-0: 3-RUN HOME RUN (Flyball, 9D, EV 96.2 MPH), Distance : 373 ft
Batting: SHB Chris Mobbs 0-0: Fly out, F8 (Flyball, 8LD, EV 99.4 MPH)
Bottom of the 4th over - 3 runs, 2 hits, 0 errors, 0 left on base; Victoria 0 - El Paso 4
TOP OF THE 5TH
Victoria HarbourCats batting - Pitching for El Paso Chihuahuas : LHP Jake Falkner
Batting: RHB Mike Rosales 0-0: Ball
1-0: Foul Ball, location: 2F
1-1: Swinging Strike
1-2: Ball
2-2: Fly out, F9 (Flyball, 89D, EV 105.0 MPH)
Batting: RHB Nate Winegar 0-0: Ball
1-0: Ball
2-0: Foul Ball, location: 2F
2-1: Foul Ball, location: 2F
2-2: Ball
3-2: Ground out 6-3 (Groundball, 6M, EV 97.5 MPH)
Batting: RHB Marcos Lindblom 0-0: Called Strike
0-1: Called Strike
0-2: Ball
1-2: Ball
2-2: Fly out, F2 (Popup, 3SF, EV 71.9 MPH)
Top of the 5th over - 0 runs, 0 hits, 0 errors, 0 left on base; Victoria 0 - El Paso 4
BOTTOM OF THE 5TH
El Paso Chihuahuas batting - Pitching for Victoria HarbourCats : RHP Charles Dennison
Batting: LHB Casey Daniel 0-0: Ball
1-0: Ball
2-0: Foul Ball, location: 2F
2-1: Called Strike
2-2: Foul Ball, location: 2F
2-2: Fly out, F7 (Line Drive, 7LM, EV 99.4 MPH)
Batting: RHB Bruce Lewis 0-0: Ball
1-0: Ball
2-0: SINGLE (Flyball, 6MD, EV 90.6 MPH)
Batting: LHB Marvin Rivas 0-0: Grounds into double play, 5-4-3 (Groundball, 56S, EV 82.5 MPH)
Bottom of the 5th over - 0 runs, 1 hit, 0 errors, 0 left on base; Victoria 0 - El Paso 4
TOP OF THE 6TH
Victoria HarbourCats batting - Pitching for El Paso Chihuahuas : LHP Jake Falkner
Batting: RHB Ulises Enriquez 0-0: Ball
1-0: Called Strike
1-1: Swinging Strike
1-2: Ground out 6-3 (Groundball, 6, EV 89.4 MPH)
Batting: RHB Woodie Jacobs 0-0: Ball
1-0: SINGLE (Flyball, 5D, EV 93.1 MPH)
Batting: RHB Chad Boren 0-0: Foul Ball, location: 2F
0-1: Swinging Strike
0-2: Ball
Wild Pitch!
Woodie Jacobs to second
1-2: Strikes out swinging
Batting: LHB Dan Valdovinos 0-0: Called Strike
0-1: Called Strike
0-2: Strikes out swinging
Top of the 6th over - 0 runs, 1 hit, 0 errors, 1 left on base; Victoria 0 - El Paso 4
BOTTOM OF THE 6TH
El Paso Chihuahuas batting - Pitching for Victoria HarbourCats : RHP Charles Dennison
Batting: LHB Bradley Anderson 0-0: Called Strike
0-1: Swinging Strike
0-2: Ball
1-2: Foul Ball, location: 2F
1-2: Reached on error, E3 (Groundball, 3, EV 88.8 MPH)
Batting: RHB Mark Rittenhouse 0-0: Ball
1-0: Foul Ball, location: 2F
1-1: Ball
2-1: Called Strike
2-2: Strikes out swinging
Batting: RHB Dusty Harris 0-0: Ball
1-0: SINGLE (Groundball, 4MD, EV 103.8 MPH)
Bradley Anderson to second
Runner from 2nd tries for 3rd, SAFE, throw by CF made to third
Batting: RHB Shannan Bjork 0-0: Called Strike
0-1: Ball
1-1: Ball
2-1: Ball
3-1: Base on Balls
Dusty Harris to second
Batting: LHB Chris Flores 0-0: Ball
1-0: Ground out 4-3 (Groundball, 4S, EV 62.5 MPH)
Bradley Anderson scores
Dusty Harris to third
Shannan Bjork to second
Batting: SHB Chris Mobbs 0-0: Foul Ball, location: 2F
0-1: Ball
1-1: Ball
2-1: Ball
3-1: Foul Ball, location: 2F
3-2: Fly out, F7 (Flyball, 78D, EV 101.2 MPH)
Bottom of the 6th over - 1 run, 1 hit, 1 error, 2 left on base; Victoria 0 - El Paso 5
TOP OF THE 7TH
Victoria HarbourCats batting - Pitching for El Paso Chihuahuas : LHP Jake Falkner
Batting: RHB Miles Gentz 0-0: Called Strike
0-1: Ball
1-1: Foul Ball, location: 2F
1-2: Foul Ball, location: 2F
1-2: Strikes out swinging
Batting: RHB Joe Weingart 0-0: Foul Ball, location: 2F
0-1: SOLO HOME RUN (Flyball, 7D, EV 100.6 MPH), Distance : 399 ft
Batting: RHB Mike Rosales 0-0: Ball
1-0: Ball
2-0: Ball
3-0: Base on Balls
Batting: RHB Nate Winegar 0-0: Grounds into double play, 5-4-3 (Groundball, 56, EV 81.9 MPH)
Top of the 7th over - 1 run, 1 hit, 0 errors, 0 left on base; Victoria 1 - El Paso 5
BOTTOM OF THE 7TH
El Paso Chihuahuas batting - Pitching for Victoria HarbourCats : RHP Charles Dennison
Pitching: RHP Tyler Hyatt
Batting: LHB Casey Daniel 0-0: Ball
1-0: Ball
2-0: Foul Ball, location: 2F
2-1: Ball
3-1: Fly out, F9 (Line Drive, 9D, EV 100.0 MPH)
Batting: RHB Bruce Lewis 0-0: Foul Ball, location: 2F
0-1: Swinging Strike
0-2: Ball
1-2: Strikes out swinging
Batting: LHB Marvin Rivas 0-0: Ball
1-0: Foul Ball, location: 2F
1-1: Fly out, F7 (Flyball, 78S, EV 90.6 MPH)
Bottom of the 7th over - 0 runs, 0 hits, 0 errors, 0 left on base; Victoria 1 - El Paso 5
TOP OF THE 8TH
Victoria HarbourCats batting - Pitching for El Paso Chihuahuas : LHP Jake Falkner
Batting: RHB Marcos Lindblom 0-0: Foul Ball, location: 2F
0-1: Foul Ball, location: 2F
0-2: Ball
1-2: Ball
2-2: Ball
3-2: Base on Balls
Pitching: LHP Flip Sewell
Batting: RHB Ulises Enriquez 0-0: Foul Ball, location: 2F
0-1: Ball
1-1: 2-RUN HOME RUN (Flyball, 9D, EV 96.9 MPH), Distance : 391 ft
Batting: RHB Woodie Jacobs 0-0: Ball
1-0: Ball
2-0: Ball
3-0: Called Strike
3-1: Called Strike
3-2: Base on Balls
Batting: RHB Chad Boren 0-0: Ball
1-0: Called Strike
1-1: Grounds into double play, 1-4-3 (Groundball, 15S, EV 67.5 MPH)
Pinch Hitting: SHB Zach Delvecchio 0-0: Ball
1-0: Called Strike
1-1: Swinging Strike
1-2: Ball
2-2: Strikes out swinging
Top of the 8th over - 2 runs, 1 hit, 0 errors, 0 left on base; Victoria 3 - El Paso 5
BOTTOM OF THE 8TH
El Paso Chihuahuas batting - Pitching for Victoria HarbourCats : RHP Tyler Hyatt
Now at 1B: Danny Arambula
Batting: LHB Bradley Anderson 0-0: SINGLE (Groundball, 34D, EV 98.8 MPH)
Batting: RHB Mark Rittenhouse 0-0: Called Strike
0-1: Foul Ball, location: 2F
0-2: Strikes out swinging
Batting: RHB Dusty Harris 0-0: Called Strike
0-1: Ball
1-1: Fly out, F7 (Line Drive, 78S, EV 85.0 MPH)
Batting: RHB Shannan Bjork 0-0: Fielders Choice at 2nd, 6-4 (Groundball, 56, EV 91.9 MPH)
Bottom of the 8th over - 0 runs, 1 hit, 0 errors, 1 left on base; Victoria 3 - El Paso 5
TOP OF THE 9TH
Victoria HarbourCats batting - Pitching for El Paso Chihuahuas : LHP Flip Sewell
Pitching: RHP Elias Montelongo
Batting: RHB Miles Gentz 0-0: Called Strike
0-1: Foul Ball, location: 2F
0-2: Foul Ball, location: 2F
0-2: Ball
1-2: SINGLE (Line Drive, 78S, EV 103.8 MPH)
Batting: RHB Joe Weingart 0-0: Ball
1-0: DOUBLE (Flyball, 78D, EV 106.2 MPH)
Miles Gentz to third
Pinch Hitting: LHB Luis Rodriguec 0-0: Ball
1-0: Ball
2-0: Called Strike
2-1: Foul Ball, location: 2F
2-2: Strikes out swinging
Batting: RHB Nate Winegar 0-0: Ball
1-0: Ball
2-0: Foul Ball, location: 2F
2-1: Called Strike
2-2: Strikes out looking
Batting: RHB Marcos Lindblom 0-0: Foul Ball, location: 2F
0-1: Ball
1-1: Ground out U3 (Groundball, 3S, EV 88.8 MPH)
Top of the 9th over - 0 runs, 2 hits, 0 errors, 2 left on base; Victoria 3 - El Paso 5
Friday, April 19th , 2024 - OOTP Baseball 24.11 Build 85